 Dungeon Crawl Stone Soup version 0.29.1-13-g9f3cf754e1 (webtiles) character file.

Game seed: 12298740665222854987

901 hbarley the Cleaver (level 8, -1/68 HPs)
             Began as a Hill Orc Fighter on Jan 31, 2023.
             Slain by Duvessa
             ... wielding a +1 short sword of speed
              (8 damage)
             ... on level 4 of the Dungeon.
             The game lasted 00:08:21 (3885 turns).

hbarley the Cleaver (Hill Orc Fighter)              Turns: 3885, Time: 00:08:22

Health: -1/68      AC: 11    Str: 19    XL:     8   Next: 7%
Magic:  8/8        EV:  9    Int:  8    God:
Gold:   215        SH:  5    Dex: 12    Spells: 7/7 levels left

rFire   . . .      SeeInvis .   u - +2 hand axe (elec)
rCold   . . .      Faith    .   c - +0 buckler
rNeg    . . .      Spirit   .   b - +0 scale mail
rPois   .          Reflect  .   (no helmet)
rElec   .          Harm     .   (no cloak)
rCorr   .          Rampage  .   (no gloves)
Will    +....                   (no boots)
Stlth   ..........              (no amulet)
HPRegen 0.21/turn               f - +4 ring of protection
MPRegen 0.11/turn               h - ring of willpower

@: no status effects
A: no striking features
a: no special abilities


You were on level 4 of the Dungeon.
You visited 1 branch of the dungeon, and saw 4 of its levels.

You collected 215 gold pieces.

Inventory:

Hand Weapons
 a - a +0 war axe
 u - a +2 hand axe of electrocution (weapon)
Armour
 b - a +0 scale mail (worn)
 c - a +0 buckler (worn)
Jewellery
 f - a +4 ring of protection (left hand)
 h - a ring of willpower (right hand)
Wands
 r - a wand of light (8)
Scrolls
 i - 2 scrolls of teleportation {unknown}
 j - 3 scrolls of enchant armour {unknown}
 k - 2 scrolls of blinking {unknown}
 l - 3 scrolls of identify {unknown}
 m - a scroll of poison {unknown}
 o - a scroll of vulnerability {unknown}
 q - 2 scrolls of fear {unknown}
 s - a scroll of magic mapping {unknown}
 v - a scroll of summoning {unknown}
Potions
 d - a potion of might
 e - a potion of degeneration {unknown}
 g - 2 potions of brilliance {unknown}
 n - a potion of heal wounds {unknown}
 p - a potion of curing {unknown}
 t - 2 potions of attraction {unknown}


   Skills:
 + Level 5.1 Fighting
 + Level 8.8 Axes
 + Level 5.3 Armour
 + Level 1.4 Dodging
 + Level 0.5 Stealth
 + Level 4.5 Shields


You had 7 spell levels left.
You didn't know any spells.
Your spell library contained the following spells:

 Spells                   Type           Power      Damage    Failure   Level
 Blink                    Tloc           0%         N/A       94%         2
 Lesser Beckoning         Tloc           0%         N/A       99%         3
 Manifold Assault         Tloc           0%         N/A       100%        5


Dungeon Overview and Level Annotations

Branches:
Dungeon (4/15)
 Temple: D:4-7

Altars:
Cheibriados
Dithmenos
Makhleb
Vehumet

Annotations:
D:4 Duvessa


Message History

Dowan, Brother of Duvessa comes into view.
He is wielding a +1 dagger of speed and wearing a +2 robe of cold resistance.
Dowan shouts!
You hit Duvessa but do no damage.
Duvessa is moderately wounded.
Duvessa hits you with a +1 short sword of speed!
You barely miss Duvessa.
Duvessa is moderately wounded.
Duvessa barely misses you. Duvessa closely misses you.
You hit Duvessa.
Duvessa is heavily wounded.
Duvessa barely misses you.
Dowan casts a spell.
Dowan blinks!
You barely miss Duvessa.
Duvessa is heavily wounded.
You slash Dowan! Lightning courses through Dowan!!
You kill Dowan!
Duvessa screams, "No!
How DARE you!"
Duvessa goes berserk!
Duvessa hits you with a +1 short sword of speed.
You block Duvessa's attack.
You closely miss Duvessa.
Duvessa is heavily wounded.
You block Duvessa's attack.
Duvessa hits you with a +1 short sword of speed!
You hit Duvessa but do no damage.
Duvessa is heavily wounded.
Duvessa hits you with a +1 short sword of speed!
You block Duvessa's attack.
You hit Duvessa but do no damage. Lightning courses through Duvessa!
Duvessa is severely wounded.
Duvessa hits you with a +1 short sword of speed!
* * * LOW HITPOINT WARNING * * *
Duvessa hits you with a +1 short sword of speed!
* * * LOW HITPOINT WARNING * * *
You barely miss Duvessa.
Duvessa is severely wounded.
Duvessa hits you but does no damage.
Duvessa hits you with a +1 short sword of speed!
You die...

#...#^#
#......
#.#.#.#
#......
#.....#
........
####.##
......... #†#
...###### #)#
.# #.#
##.#######.#
#.).)@e....#
#..######..#
#.†# #..#
#..#
#..######..
#.....g....
#......o.h...
#.#.......e..


You could see Duvessa (berserk).

Vanquished Creatures
  Pikel (D:3)
  A lemure (D:3)
  A phantom (D:4)
  Dowan (D:4)
  A crimson imp (D:3)
  An orc priest (D:3)
  2 iguanas
  7 adders
  A gnoll (D:1)
  5 worms
  4 dart slugs
  7 orcs
  8 ball pythons
  5 bats
  11 endoplasms
  4 giant cockroaches
  11 goblins
  14 hobgoblins
  7 jackals
  3 quokkas
  3 frilled lizards
  6 kobolds
  A rat (D:1)
105 creatures vanquished.

Vanquished Creatures (others)
  46 plants (D:2)
46 creatures vanquished.

Grand Total: 151 creatures vanquished

Notes
Turn   | Place    | Note
-------+----------+-------------------------------------------
     0 | D:1      | hbarley the Hill Orc Fighter began the quest for the Orb.
     0 | D:1      | Reached XP level 1. HP: 19/19 MP: 1/1
   196 | D:1      | Reached XP level 2. HP: 26/27 MP: 2/2
   457 | D:1      | Reached skill level 3 in Axes
   468 | D:1      | Reached XP level 3. HP: 29/33 MP: 3/3
  1094 | D:2      | Reached XP level 4. HP: 40/40 MP: 4/4
  1182 | D:2      | Reached skill level 4 in Axes
  1575 | D:2      | Reached XP level 5. HP: 46/47 MP: 5/5
  2513 | D:3      | Found a burning altar of Makhleb.
  2513 | D:3      | Found a radiant altar of Vehumet.
  2523 | D:3      | Reached skill level 5 in Axes
  2604 | D:3      | Reached skill level 1 in Dodging
  2663 | D:3      | Found a shadowy altar of Dithmenos.
  2714 | D:3      | Reached XP level 6. HP: 43/53 MP: 6/6
  3465 | D:4      | Noticed Pikel
  3482 | D:3      | Killed Pikel
  3483 | D:3      | Reached skill level 5 in Fighting
  3483 | D:3      | Reached skill level 8 in Axes
  3483 | D:3      | Reached XP level 7. HP: 42/61 MP: 7/7
  3587 | D:4      | Identified the +9 short sword "Wyckoqy" {elec, Str+4}
  3602 | D:4      | Found a snail-covered altar of Cheibriados.
  3622 | D:4      | Reached skill level 5 in Armour
  3837 | D:4      | Reached XP level 8. HP: 68/68 MP: 8/8
  3845 | D:4      | Noticed Duvessa
  3877 | D:4      | Noticed Dowan
  3881 | D:4      | Killed Dowan
  3885 | D:4      | Slain by Duvessa

Illustrated notes

Levels and vault maps discovered:
D:1:      dpeg_arrival_morbid_curiosity, layout_loops_ring, minmay_tetromino_i2
D:2:      layout_loops_corners, serial_bayou, serial_bayou_pond_c,
          serial_bayou_pond_d, serial_bayou_lake_a, serial_bayou_ford_a,
          serial_bayou_pond_d, serial_bayou_lagoon_a, minmay_increasing_density
D:3:      layout_loops_ring, grunt_temple_overflow_lords_of_destruction,
          grunt_dithmenos_smoke_and_mirrors, minmay_fountain_box
D:4:      layout_loops_ring, mainiacjoe_overflow_cross_hatched,
          minmay_temple_entry_crystal_x, nicolae_stop_n_shop_1,
          ebering_dispersal_statue_hall, uniq_pikel, uniq_duvessa

Skill      XL: |  1  2  3  4  5  6  7 |
---------------+----------------------+-----
Fighting       | 4 5 |  5.1
Axes           | 3 4 5 8 |  8.8
Shields        | 4 |  4.5
Armour         | 4 5 |  5.3
Dodging        | 1 |  1.4
Stealth        | |  0.5

Action                   |  1- 3 |  4- 6 |  7- 9 || total
-------------------------+-------+-------+-------++-------
Melee: War axe           |    76 |   199 |       ||   275
       Hand axe          |       |    10 |    47 ||    57
Armor: Scale mail        |    37 |   125 |    15 ||   177
Dodge: Dodged            |    43 |    76 |    12 ||   131
Block: Buckler           |    16 |    47 |     7 ||    70
